 Dungeon Crawl Stone Soup version 0.20.1-1-g8b1a95d (webtiles) character file.

98 sweetbreads the Ruffian (level 4, -1/41 HPs)
             Began as a Troll Transmuter on Aug 12, 2017.
             Slain by Terence
             ... wielding a +6 mace of protection
              (15 damage)
             ... on level 2 of the Dungeon.
             The game lasted 00:08:16 (1405 turns).

sweetbreads the Ruffian (Troll Transmuter)          Turns: 1405, Time: 00:08:17

Health: -1/41      AC:  5    Str: 18    XL:     4   Next: 43%
Magic:  3/4        EV: 10    Int: 10    God:
Gold:   109        SH:  0    Dex: 10    Spells: 4/5 levels left

rFire    . . .     SeeInvis .     - Unarmed
rCold    . . .     Gourm    +   (no shield)
rNeg     + . .     Faith    .   b - +0 robe
rPois    .         Spirit   .   (helmet restricted)
rElec    .         Reflect  .   (no cloak)
rCorr    .         Harm     .   (gloves unavailable)
MR       .....                  (boots unavailable)
Stlth    +.........             (no amulet)
Regen    0.6/turn               k - ring of positive energy
MPRegen  0.1/turn               (no ring)

@: appendage (expiring)
A: unfitting armour, claws 3, horns 2, fast metabolism 3, gourmand, regeneration
1, shaggy fur 1, tough skin 2
a: End Transformation


You were on level 2 of the Dungeon.
You were very full.
You had grown temporary horns.
You visited 1 branch of the dungeon, and saw 3 of its levels.

You collected 109 gold pieces.

Inventory:

Hand Weapons
 j - a +0 spear of distortion
 u - a +0 dagger of protection
Missiles
 a - 12 arrows
 v - 10 poisoned needles
Armour
 b - a +0 robe (worn)
 n - a +0 robe
Jewellery
 k - a ring of positive energy (left claw)
Wands
 w - a wand of confusion (39/48)
Scrolls
 h - 2 scrolls of teleportation {unknown}
 i - a scroll of random uselessness {unknown}
 r - a scroll of blinking {unknown}
 s - a scroll of identify {unknown}
 t - a scroll of enchant armour {unknown}
Potions
 e - a potion of invisibility {unknown}
 g - a potion of might {unknown}
 m - a potion of flight {unknown}
 o - a potion of magic {unknown}
 p - a potion of haste {unknown}
 q - a potion of berserk rage {unknown}
Books
 c - a book of Changes

   Spells                             Type                      Level
   a - Beastly Appendage              Transmutation                1
   b - Sticks to Snakes               Transmutation                2
   c - Spider Form                    Transmutation/Poison         3
   d - Ice Form                       Ice/Transmutation            4
   e - Blade Hands                    Transmutation                5
Comestibles
 d - 2 bread rations
 f - 2 royal jellies
 l - a meat ration


   Skills:
 - Level 1.0 Fighting
 - Level 1.5 Dodging
 + Level 4.4 Unarmed Combat
 - Level 1.2 Spellcasting
 * Level 2.4 Transmutations


You had 4 spell levels left.
You knew the following spells:

 Your Spells              Type           Power        Failure   Level  Hunger
a - Beastly Appendage     Tmut           #.....       12%         1    ##.....


Dungeon Overview and Level Annotations

Branches:
Dungeon (3/15)

Altars:

Annotations:
D:2 Terence


Innate Abilities, Weirdness & Mutations

You are too large for most types of armour.
You have claws for hands.
Your metabolism is lightning-fast.
You like to eat raw meat.
Your natural rate of healing is unusually fast.
You are covered in fur. (AC +1)
You have very tough skin. (AC +2)
You have a pair of horns on your head.


Message History

Terence hits you with a mace of protection.
You closely miss Terence.
Terence is heavily wounded.
Terence hits you with a mace of protection.
You scratch Terence. You headbutt Terence, but do no damage.
Terence is almost dead.
Terence hits you with a mace of protection.
You barely miss Terence. Your headbutt misses Terence.
Terence is almost dead.
You barely miss Terence. Your headbutt misses Terence.
Terence is almost dead.
Terence hits you with a mace of protection.
You barely miss Terence. You headbutt Terence, but do no damage.
Terence is almost dead.
Your transformation is almost over.
Terence misses you.
You scratch Terence but do no damage.
Terence is almost dead.
Terence hits you with a mace of protection!
You die...

....###.####### #<# . ....#
#.## #.####.######. #####
#..# #...<(........ # ##.##
######........ # #...#
#..###### # ###.#.### #..#
#####...#...###### #.)#
...>..#####^...@.########..#
#####...#...####@..........#
###.#...†...######.#####
#...#####.# # ##### #.# #.#
#.# #.. ###


You could see Terence.

Vanquished Creatures
  Jessica (D:2)
  2 adders (D:2)
  An ooze (D:2)
  A worm (D:2)
  2 dart slugs (D:1)
  2 leopard geckos
  A ball python (D:2)
  2 giant cockroaches
  7 goblins
  4 hobgoblins (D:1)
  8 kobolds
  2 bats
  7 rats
40 creatures vanquished.

Notes
Turn   | Place    | Note
-------+----------+-------------------------------------------
     0 | D:1      | sweetbreads the Troll Transmuter began the quest for the Orb.
     0 | D:1      | Reached XP level 1. HP: 18/18 MP: 1/1
   156 | D:1      | Reached XP level 2. HP: 23/26 MP: 0/2
   438 | D:1      | You fall through a shaft!
   448 | D:2      | Reached XP level 3. HP: 32/32 MP: 1/3
   950 | D:2      | Reached skill level 4 in Unarmed Combat
   982 | D:3      | Reached skill level 1 in Fighting
  1154 | D:2      | Noticed Jessica
  1178 | D:2      | Killed Jessica
  1178 | D:2      | Reached XP level 4. HP: 34/41 MP: 1/4
  1394 | D:2      | Noticed Terence
  1405 | D:2      | Slain by Terence

Skill      XL: |  1  2  3 |
---------------+----------+-----
Unarmed Combat | 4 |  4.4
Fighting       | 1 |  1.0
Transmutations | 2 |  2.4
Dodging        | |  1.5
Spellcasting   | |  1.2

Action                   |  1- 3 |  4- 6 || total
-------------------------+-------+-------++-------
Melee: Unarmed           |    75 |    20 ||    95
       Kick              |     5 |     1 ||     6
       Headbutt          |     3 |     3 ||     6
 Cast: Beastly Appendage |    17 |     3 ||    20
 Stab: Sleeping          |     1 |       ||     1
  Eat: Chunk             |     9 |     9 ||    18
Armor: Robe              |    18 |     1 ||    19
Dodge: Dodged            |    35 |     3 ||    38
